 Dungeon Sprint DCSS version 0.31-a0-662-g684573625c (webtiles) character file.

Game seed: 9968294715796928014

403 sircluck the Grappler (level 6, 0/71 HPs)
             Began as a Troll Berserker on Sept 2, 2023.
             Was a Believer of Trog.
             Slain by Sonja
             ... wielding a +1 dagger of distortion
              (5 damage)
             ... in the Dungeon (Sprint I: "Red Sonja").
             The game lasted 00:01:04 (136 turns).

sircluck the Grappler (Troll Berserker)              Turns: 136, Time: 00:01:04

Health: 0/71       AC:  4    Str: 28    XL:     6   Next: 55%
Magic:  5/5        EV: 11    Int:  3    God:    Trog [**....]
Gold:   95         SH:  0    Dex:  9    Spells: 5/5 levels left

rFire   . .          .
                       - Unarmed
rCold   . . .        (no shield)
rNeg    . . .        a - +0 animal skin
rPois   .            (helmet restricted)
rElec   .            (no cloak)
rCorr   .            (gloves unavailable)
SInv    .            (boots unavailable)
Will    .....        (no amulet)
Stlth   +            (no ring)
HPRegen 1.11/turn    (no ring)
MPRegen 0.09/turn

%: no teleportation
@: lethally poisoned (0 -> -1), slowed, very slow
A: large, unfitting armour, claws 3, regeneration 1, shaggy fur 1, tough skin 1
a: Renounce Religion, Berserk, Trog's Hand


You were in the Dungeon.
You worshipped Trog.
Trog was pleased with you.
You visited 1 branch You collected 305 gold pieces.
You spent 210 gold pieces at shops.

Inventory:

Armour
 a - a +0 animal skin (worn)
Wands
 h - a wand of charming (3)
Scrolls
 g - 2 scrolls of blinking
 i - a scroll of revelation
Potions
 b - a potion of curing
 d - a potion of haste
 e - 2 potions of magic
 f - a potion of berserk rage


   Skills:
 + Level 7.4 Fighting
 + Level 7.3 Dodging
 + Level 8.8 Unarmed Combat


You had 5 spell levels left.
You didn't know any spells.
Your spell library was empty.

Dungeon Overview and Level Annotations

Branches:
Dungeon (1/1)

Altars:
Cheibriados
Dithmenos
Elyvilon
Fedhas
Gozag
Hepliaklqana
Kikubaaqudgha
Nemelex Xobeh
Okawaru
Qazlal
Ru
Sif Muna
Trog
Uskayaw
Vehumet
Wu Jian
Yredelemnul
Zin
The Shining One

Shops:
D ?

Annotations:
D Sonja


Innate Abilities, Weirdness & Mutations

You are too large for most types of armour.
You have claws for hands.
Your natural rate of healing is unusually fast.
You are covered in fur. (AC +1)
You have tough skin. (AC +1)


Message History

Space warps around you.
Sonja hits you with a +1 dagger of distortion.
Sonja closely misses you.
Sonja hits you with a +1 dagger of distortion.
Space warps around you.
Sonja hits you with a +1 dagger of distortion. x2
Space warps around you.
You are too injured to fight recklessly!
You are too injured to fight recklessly!
You are too injured to fight recklessly!
You are too injured to fight recklessly!
You are too injured to fight recklessly!
You are too injured to fight recklessly!
You are too injured to fight recklessly!
You closely miss Sonja.
You feel sick. Sonja hits you but does no damage.
Sonja hits you with a +1 dagger of distortion!
* * * LOW HITPOINT WARNING * * *
Space warps around you.
* * * LOW HITPOINT WARNING * * *
Sonja barely misses you.
Sonja hits you with a +1 dagger of distortion!
* * * LOW HITPOINT WARNING * * *
Sonja closely misses you.
Sonja hits you with a +1 dagger of distortion.
* * * LOW HITPOINT WARNING * * *
Space warps around you.
* * * LOW HITPOINT WARNING * * *
Unknown command.
Okay, then.
You feel much better.
You feel sick.
Sonja hits you with a +1 dagger of distortion.
* * * LOW HITPOINT WARNING * * *
Sonja closely misses you.
Sonja hits you with a +1 dagger of distortion.
* * * LOW HITPOINT WARNING * * *
Sonja hits you with a +1 dagger of distortion!
* * * LOW HITPOINT WARNING * * *
Sonja completely misses you.
Sonja hits you with a +1 dagger of distortion.
You die...

#<.#..'.)#..'..#
#..').#..'..#..+
#..#####)#####'#
#..####..#...#(# ##§
#..#__####..##.#§§~§c#
#..#_____##'#_.+§§§..+
#⌠⌠#_.∩...'..._#§§~§c#
####_..__##_.#+##+## #
#_____###@# #######
#K# $.$ #$.$# ##.##
#+#


You could see Sonja.

Vanquished Creatures
  A yak (D)
  An ogre (D)
  A jelly (D)
  Ijyb (D)
4 creatures vanquished.

Vanquished Creatures (collateral kills)
  Sigmund (D)
1 creature vanquished.

Grand Total: 5 creatures vanquished

Notes
Turn   | Place    | Note
-------+----------+-------------------------------------------
     0 | D        | sircluck the Troll Berserker began the quest for the Orb.
     0 | D        | Reached XP level 1. HP: 22/22 MP: 0/0
     1 | D        | Noticed Ijyb
    11 | D        | Killed Ijyb
    12 | D        | Reached skill level 4 in Unarmed Combat
    12 | D        | Reached XP level 2. HP: 30/32 MP: 1/1
    22 | D        | Noticed an ogre
    28 | D        | Noticed Sigmund
    39 | D        | Killed Sigmund
    39 | D        | Reached ** piety under Trog
    40 | D        | Reached skill level 5 in Dodging
    40 | D        | Reached skill level 7 in Unarmed Combat
    40 | D        | Reached XP level 3. HP: 12/44 MP: 2/2
    40 | D        | Reached XP level 4. HP: 14/52 MP: 3/3
    40 | D        | Reached XP level 5. HP: 16/59 MP: 4/4
    57 | D        | Killed an ogre
    75 | D        | Found an ornate altar of the Wu Jian Council.
    75 | D        | Found a shimmering blue altar of Sif Muna.
    77 | D        | Found a radiant altar of Vehumet.
    82 | D        | Noticed a centaur warrior
    82 | D        | Noticed a centaur warrior
   107 | D        | Found Ittuikul's Magic Scroll Emporium.
   107 | D        | Found an ancient bone altar of Kikubaaqudgha.
   107 | D        | Found a hazy altar of Hepliaklqana.
   107 | D        | Found a hide-covered altar of Uskayaw.
   107 | D        | Found a basalt altar of Yredelemnul.
   107 | D        | Found an opulent altar of Gozag.
   107 | D        | Found a snail-covered altar of Cheibriados.
   107 | D        | Found a sacrificial altar of Ru.
   107 | D        | Found a shadowy altar of Dithmenos.
   107 | D        | Noticed a yak
   110 | D        | Killed a yak
   111 | D        | Reached skill level 8 in Unarmed Combat
   111 | D        | Reached XP level 6. HP: 62/71 MP: 5/5
   120 | D        | Found a stormy altar of Qazlal.
   120 | D        | Found a blossoming altar of Fedhas.
   120 | D        | Found a bloodstained altar of Trog.
   120 | D        | Found an iron altar of Okawaru.
   120 | D        | Found a glowing golden altar of the Shining One.
   120 | D        | Found a glowing silver altar of Zin.
   120 | D        | Found a white marble altar of Elyvilon.
   121 | D        | Found a sparkling altar of Nemelex Xobeh.
   125 | D        | Bought a scroll of revelation for 105 gold pieces
   125 | D        | Bought a scroll of blinking for 105 gold pieces
   131 | D        | Noticed Sonja
   135 | D        | HP: 3/71 [Sonja/+1 dagger of distortion (6)]
   136 | D        | Slain by Sonja

Illustrated notes

Levels and vault maps discovered:
D:        dungeon_sprint_1 [red_sonja_temple_1, red_sonja_temple_small_1]

Skill      XL: |  1  2  3  4  5 |
---------------+----------------+-----
Fighting       | 3 6 7 |  7.4
Dodging        | 3 5 7 |  7.3
Unarmed Combat | 4 7 8 |  8.8

Action                     |  1- 3 |  4- 6 || total
---------------------------+-------+-------++-------
  Melee: Unarmed           |     8 |    10 ||    18
         Punch             |       |     1 ||     1
  Evoke: Wand              |     1 |       ||     1
    Use: Potion            |       |     1 ||     1
 Armour: Animal skin       |     8 |    16 ||    24
  Dodge: Dodged            |     2 |     9 ||    11

Table legend: (Time is in decaauts)
 A = Elapsed time spent in this place.
 B = Non-inter-level travel time spent in this place.
 C = Inter-level travel time spent in this place.
 D = Time resting spent in this place.
 E = Time spent auto-exploring this place.
 F = Levels seen in this place.
 G = Mean time per level.
                   A        B        C        D        E       F      G
               +--------+--------+--------+--------+--------+-----+--------+
         Total |    135 |    129 |      6 |      5 |     24 |   1 |  135.0 |
       Dungeon |    135 |    129 |      6 |      5 |     24 |   1 |  135.0 |
               +--------+--------+--------+--------+--------+-----+--------+

Top non-repeatable levels by time:
       D: 135 daAuts
